 Dungeon Crawl Stone Soup version 0.29.1-2-gbd0b4ee654 (webtiles) character file.

Game seed: 988557868269230538

35 shampatch the Charlatan (level 3, -3/17 HPs)
             Began as a Spriggan Artificer on Nov 27, 2022.
             Frozen to death by an endoplasm (5 damage)
             ... on level 1 of the Dungeon.
             The game lasted 00:29:11 (930 turns).

shampatch the Charlatan (Spriggan Artificer)         Turns: 930, Time: 00:29:12

Health: -3/17      AC:  2    Str: 10    XL:     3   Next: 16%
Magic:  4/4        EV: 18    Int: 12    God:
Gold:   55         SH:  0    Dex: 15    Spells: 2/2 levels left

rFire   . . .      SeeInvis +   h - +0 dagger
rCold   . . .      Faith    .   (no shield)
rNeg    . . .      Spirit   .   b - +0 robe
rPois   .          Reflect  .   (helmet restricted)
rElec   .          Harm     .   (no cloak)
rCorr   .          Rampage  .   (gloves unavailable)
Will    .....                   (boots unavailable)
Stlth   ++........              (no amulet)
HPRegen 0.05/turn               (no ring)
MPRegen 0.09/turn               (no ring)

@: very quick
A: very small, no large weapons, unfitting armour, see invisible, speed 3
a: no special abilities


You were on level 1 of the Dungeon.
You visited 1 branch of the dungeon, and saw 1 of its levels.

You collected 55 gold pieces.

Inventory:

Hand Weapons
 a - a +0 club
 g - a +0 sling
 h - a +0 dagger (weapon)
 j - a +0 club
 k - a +0 club
 l - a +0 dagger
 m - a +0 club
 n - a +0 dagger
 o - a +0 dagger
 q - a +0 dagger
 x - a +0 dagger
Missiles
 i - 16 stones (quivered)
Armour
 b - a +0 robe (worn)
 p - a +0 pair of gloves
 r - a +0 ring mail
 s - a +0 ring mail
Magical Staves
 t - a staff of death
Jewellery
 u - a +4 ring of evasion
Wands
 c - a wand of flame (2)
 d - a wand of charming (15)
 e - a wand of iceblast (5)
Scrolls
 f - a scroll of teleportation {unknown}
 w - a scroll of noise {unknown}
Potions
 v - a potion of lignification {unknown}


   Skills:
 + Level 0.8 Fighting
 + Level 0.1 Maces & Flails
 + Level 4.3 Dodging
 + Level 1.7 Stealth
 + Level 4.8 Evocations


You had 2 spell levels left.
You didn't know any spells.
Your spell library was empty.

Dungeon Overview and Level Annotations

Branches:
Dungeon (1/15)

Altars:


Innate Abilities, Weirdness & Mutations

You are very small and have problems with some larger weapons.
You are too small for most types of armour.
You have supernaturally acute eyesight. (SInv)
You cover ground extremely quickly. (Speed+++)


Message History

There are no items here.
You see here a +0 dagger.
x - a +0 dagger You now have 55 gold pieces (gained 13).
There are no items here.
You see here a frilled lizard skeleton.
The endoplasm quivers.
A goblin comes into view. It is wielding a +0 dagger.
You hit the endoplasm but do no damage. The endoplasm misses you.
You hit the endoplasm.
The endoplasm is moderately wounded.
The goblin shouts!
A bat comes into view.
The endoplasm hits you.
The bat moves out of view.
You hit the endoplasm.
The endoplasm is severely wounded.
The endoplasm freezes you.
You are frozen.
A dart slug comes into view.
You hit the endoplasm.
You kill the endoplasm!
The bat barely misses you.
An endoplasm comes into view.
You barely miss the bat. The bat hits you but does no damage.
The bat barely misses you.
You barely miss the bat. The bat hits you.
The endoplasm quivers.
You hit the goblin.
You kill the goblin!
You hit the endoplasm but do no damage. The endoplasm freezes you.
You are frozen.
You hit the endoplasm but do no damage. The endoplasm freezes you.
You are frozen.
* * * LOW HITPOINT WARNING * * *
You barely miss the endoplasm. The endoplasm freezes you.
You are frozen.
You die...

#..............#...÷.......#
#........#####..#.........##
#........# ##.##...#....#
##......## #......####.##
##.....############.####..###
#..#..÷......# #.........###
#.##########.## ######.....#.
#..# #..# ##.....>.. #).##
##@# #......... #.# #J#
#......... ..


.wb #......... ..... #......... ....... #......... #........ ##........
########## ##.....#. ######## You could see a dart slug, an endoplasm and a bat.

Vanquished Creatures
  6 endoplasms (D:1)
  2 giant cockroaches (D:1)
  4 goblins (D:1)
  4 hobgoblins (D:1)
  A quokka (D:1)
  A ball python (D:1)
  3 bats (D:1)
  2 frilled lizards (D:1)
  5 kobolds (D:1)
  3 rats (D:1)
31 creatures vanquished.

Notes
Turn   | Place    | Note
-------+----------+-------------------------------------------
     0 | D:1      | shampatch the Spriggan Artificer began the quest for the
                  | Orb.
     0 | D:1      | Reached XP level 1. HP: 9/9 MP: 2/2
    93 | D:1      | Gained mutation: You sometimes lose your temper in combat.
                  | [potion of mutation]
    93 | D:1      | Lost mutation: You sometimes lose your temper in combat.
                  | [potion of mutation]
   207 | D:1      | Reached XP level 2. HP: 5/14 MP: 3/3
   410 | D:1      | Found a faded altar of an unknown god.
   831 | D:1      | Reached XP level 3. HP: 10/17 MP: 4/4
   930 | D:1      | Frozen to death by an endoplasm

Illustrated notes

Levels and vault maps discovered:
D:1:      minmay_arrival_semitransparent, layout_rooms,
          shapermc_ecumenical_altar_mp_highgroup

Skill      XL: |  1  2 |
---------------+-------+-----
Dodging        | 4 |  4.3
Fighting       | |  0.8
Maces & Flails | |  0.1
Stealth        | |  1.7
Evocations     | |  4.8

Action                   || total
-------------------------++-------
Melee: Club              ||    74
       Dagger            ||    23
       Punch             ||     1
Evoke: Wand              ||    13
  Use: Potion            ||     3
 Stab: Sleeping          ||     1
Armor: Robe              ||    13
Dodge: Dodged            ||   109
